 Dungeon Crawl Stone Soup version 0.16.2-2-g470672f (webtiles) character file.

846 Vanek666 the Ducker (level 8, -6/62 HPs)
             Began as a Merfolk Gladiator on Sept 4, 2015.
             Was a Follower of Okawaru.
             Killed by divine providence
             ... invoked by an orc priest
              (12 damage)
             ... on level 5 of the Dungeon.
             The game lasted 00:18:16 (6797 turns).

Vanek666 the Ducker (Merfolk Gladiator)             Turns: 6797, Time: 00:18:16

Health: -6/62      AC:  5    Str: 15    XL:     8   Next: 0%
Magic:  8/8        EV: 16    Int:  9    God:    Okawaru [*.....]
Gold:   211        SH:  0    Dex: 15    Spells: 0 memorised, 7 levels left

rFire  . . .     SeeInvis .     a - +1 long sword
rCold  . . .     Clarity  .     b - +0 leather armour
rNeg   . . .     SustAb   .     (no shield)
rPois  .         Gourm    +     c - +0 helmet
rElec  .         Spirit   .     (no cloak)
rCorr  .         Warding  .     y - +0 pair of gloves
rMut   .         Stasis   .     (no boots)
MR     .....                    q - amulet of the gourmand
Stlth  +.........               (no ring)
                                v - +4 ring of slaying

@: not resistant to hostile enchantments, very unstealthy
A: change form in water, swift swim
a: Heroism, Renounce Religion


You were on level 5 of the Dungeon.
You worshipped Okawaru.
Okawaru was aware of your devotion.
You were very full.

You visited 1 branch of the dungeon, and saw 5 of its levels.

You collected 211 gold pieces.

Inventory:

Hand weapons
 a - a +1 long sword (weapon)
 s - a -2 blowgun
Missiles
 d - 3 throwing nets (quivered)
 g - 4 needles of slowing
 t - 7 poisoned needles
Armour
 b - a +0 leather armour (worn)
 c - a +0 helmet (worn)
 y - a +0 pair of gloves (worn)
Jewellery
 q - an amulet of the gourmand (around neck)
 v - a +4 ring of slaying (left hand)
 A - an uncursed amulet of warding
Magical devices
 e - a wand of confusion (0)
 B - a wand of fireball (5)
 C - a wand of polymorph (0)
Scrolls
 m - 2 scrolls of remove curse
 n - a scroll of immolation
 p - 2 scrolls of teleportation {unknown}
 w - a scroll of enchant armour {unknown}
 x - 4 scrolls of identify
Potions
 k - 2 potions of curing
 l - 2 potions of brilliance {unknown}
 o - a potion of decay {unknown}
 z - a potion of poison {unknown}
Comestibles
 f - 5 bread rations
 h - a beef jerky
 i - 3 meat rations
 j - a royal jelly
 r - a slice of pizza
 u - a chunk of flesh


   Skills:
 * Level 5.3 Fighting
 * Level 6.4 Long Blades
 - Level 2.0 Throwing
 + Level 2.1 Armour
 + Level 6.9 Dodging


You had 7 spell levels left.
You didn't know any spells.

Dungeon Overview and Level Annotations

Branches:
Dungeon (5/15)
 Temple: D:4-7

Altars:
Okawaru
Trog
Vehumet
Zin
The Shining One

Shops:
D:4 *


Message History

The orc wizard gestures wildly while chanting.
The orc wizard flickers and vanishes!
Deactivating autopickup; reactivate with Ctrl-A.
You miss something. Something hits you but does no damage.
The rat closely misses you.
You closely miss something. The rat bites you but does no damage.
Something completely misses you. Something hits you but does no damage.
The rat bites you but does no damage.
You hear some strange, mumbled words.
The puff of flame hits you!
* * * LOW HITPOINT WARNING * * *
The rat bites you.
* * * LOW HITPOINT WARNING * * *
Something hits you but does no damage.
There is a stone staircase leading up here.
Something hits you.
* * * LOW HITPOINT WARNING * * *
The orc priest calls down the wrath of Beogh upon you.
Something smites you!
You die...

..............#.............
#..
..............+.............
#..
....####......#.o..####....
##. ....#
#......#..............8 #.
.....
.......+............... #.
.....
.......#............... #.
...
........##.######.......##.
.........r.# .........
..........@# ..............
..........##....##........
#.........##....#.....(...
#...............#.....#...
...............#...#.###.
..............#......##.
....................##.
...................##)
...................##.


You could see an orc priest and a rat.

Vanquished Creatures
  Edmund (D:5)
  An orc warrior (D:4)
  An ogre (D:4)
  Sigmund (D:3)
  A scorpion (D:5)
  A giant frog skeleton (D:4)
  Natasha (thrice) (D:4)
  2 orc wizards (D:4)
  A worker ant (D:4)
  A statue (D:4)
  Ijyb (D:2)
  A hound skeleton (D:4)
  A hound zombie (D:5)
  2 gnolls (D:2)
  8 adders
  3 worms
  3 giant geckos
  18 orcs
  7 bats
  5 giant cockroaches
  5 hobgoblins
  19 jackals
  5 quokkas
  2 giant newts
  10 goblins
  12 kobolds
  5 rats
120 creatures vanquished.

Notes
Turn   | Place    | Note
--------------------------------------------------------------
     0 | D:1      | Vanek666, the Merfolk Gladiator, began the quest for the Orb.
     0 | D:1      | Reached XP level 1. HP: 16/16 MP: 1/1
   181 | D:1      | Reached XP level 2. HP: 21/23 MP: 2/2
   740 | D:1      | Reached XP level 3. HP: 24/28 MP: 3/3
  1470 | D:2      | Reached XP level 4. HP: 24/34 MP: 4/4
  1853 | D:2      | Found an iron altar of Okawaru.
  2200 | D:2      | Became a worshipper of Warmaster Okawaru
  2477 | D:2      | Noticed Ijyb
  2544 | D:2      | Killed Ijyb
  2544 | D:2      | Reached skill level 1 in Armour
  2544 | D:2      | Reached skill level 5 in Dodging
  2583 | D:2      | Found a bloodstained altar of Trog.
  2585 | D:2      | Found a glowing silver altar of Zin.
  2810 | D:2      | Reached XP level 5. HP: 41/41 MP: 5/5
  3500 | D:3      | Noticed Sigmund
  3528 | D:3      | Killed Sigmund
  3566 | D:3      | Reached skill level 5 in Long Blades
  3772 | D:3      | Reached XP level 6. HP: 45/48 MP: 6/6
  4864 | D:4      | Reached skill level 6 in Dodging
  5013 | D:4      | Acquired Okawaru's first power
  5013 | D:4      | Reached XP level 7. HP: 30/55 MP: 7/7
  5163 | D:4      | Found a radiant altar of Vehumet.
  5515 | D:4      | Noticed Natasha
  5520 | D:4      | Killed Natasha
  5567 | D:4      | Found Phoufuywn's Assorted Antiques.
  5731 | D:4      | Noticed Natasha
  5767 | D:4      | Killed Natasha
  5829 | D:4      | Noticed Natasha
  5846 | D:4      | Killed Natasha
  6056 | D:5      | Entered Level 5 of the Dungeon
  6228 | D:5      | Found a glowing golden altar of the Shining One.
  6282 | D:5      | Noticed Edmund
  6634 | D:5      | Killed Edmund
  6634 | D:5      | Reached skill level 5 in Fighting
  6742 | D:5      | Reached XP level 8. HP: 54/62 MP: 8/8
  6797 | D:5      | Killed from afar by an orc priest

Action                   |  1- 3 |  4- 6 |  7- 9 || total
-------------------------+-------+-------+-------++-------
Melee: Long sword        |    96 |   234 |   104 ||   434
       Unarmed           |       |       |    11 ||    11
 Fire: Blowgun           |       |     7 |       ||     7
  Use: Scroll            |       |     4 |       ||     4
       Potion            |       |     2 |     2 ||     4
  Eat: Chunk             |     1 |    17 |     9 ||    27
       Beef jerky        |       |     1 |       ||     1
